 Dungeon Crawl Stone Soup version 0.31-a0-875-g02e7d12df6 (webtiles) character file.

Game seed: 7308087813730396074

240 Shayle the Ruffian (level 6, -3/47 HPs)
             Began as a Human Shapeshifter on Oct 12, 2023.
             Slain by an orc priest
             ... wielding a +0 flail
              (8 damage)
             ... on level 4 of the Dungeon on Oct 13, 2023.
             The game lasted 00:10:25 (2910 turns).

Shayle the Ruffian (Human Shapeshifter)             Turns: 2910, Time: 00:10:26

Health: -3/47      AC:  2    Str: 14    XL:     6   Next: 29%
Magic:  6/6        EV: 13    Int: 16    God:
Gold:   227        SH:  0    Dex: 12    Spells: 5/5 levels left

rFire   . .          .
                       - Unarmed
rCold   + . .        (no shield)
rNeg    . . .        p - +0 robe of Doemad {rC+ Int+3 Archmagi}
rPois   .            (helmet currently unavailable)
rElec   .            (cloak currently unavailable)
rCorr   .            (gloves currently unavailable)
SInv    .            (boots currently unavailable)
Will    .....        (no amulet)
Stlth   +            (no ring)
HPRegen 0.27/turn    (no ring)
MPRegen 0.10/turn

%: archmagi
@: about to teleport, beast-form, attractive
A: beast (slay +2)
a: Begin Untransformation


You were on level 4 of the Dungeon.
You were a hulking beast.
You visited 1 branch of the dungeon, and saw 4 of its levels.

You collected 227 gold pieces.

Inventory:

Armour
 a - a +0 animal skin
 g - a +0 pair of gloves
 l - a +0 cloak
 p - the +0 robe of Doemad (worn) {rC+ Int+3 Archmagi}
   (You took it off a goblin on level 3 of the Dungeon)

   Int+3:     It affects your intelligence (+3).
   rC+:       It protects you from cold.
   Archmagi:  It increases the power of your magical spells.
 w - a +2 robe of fire resistance
Jewellery
 t - a +4 ring of protection
Talismans
 c - a beast talisman (active)
 d - a flux talisman
Scrolls
 e - 3 scrolls of teleportation
 f - 4 scrolls of identify
 h - a scroll of noise {unknown}
 m - 2 scrolls of fog {unknown}
 q - a scroll of immolation {unknown}
 r - 2 scrolls of poison {unknown}
 s - a scroll of enchant armour {unknown}
 u - a scroll of revelation {unknown}
 v - a scroll of fear {unknown}
Potions
 b - a potion of lignification
 j - a potion of magic {unknown}
 k - 3 potions of attraction
 n - a potion of cancellation {unknown}
 o - a potion of ambrosia {unknown}


   Skills:
 + Level 3.0 Fighting
 + Level 3.4 Dodging
 + Level 4.1 Unarmed Combat
 + Level 3.9 Shapeshifting


You had 5 spell levels left.
You didn't know any spells.
Your spell library was empty.

Dungeon Overview and Level Annotations

Branches:
Dungeon (4/15)
 Temple: D:4-7

Altars:
Ru
Sif Muna
Uskayaw
The Shining One


Message History

The quokka twitches its whiskers.
The quokka bites you.
You hit the quokka.
The quokka is severely wounded.
The orc priest invokes the aid of Beogh against you.
Beogh smites you!
* * * LOW HITPOINT WARNING * * *
The quokka bites you.
* * * LOW HITPOINT WARNING * * *
It was a potion of attraction.
You feel attractive to monsters. The quokka closely misses you.
The orc is attracted toward you. The orc priest is attracted toward you.
Okay, then.
It was a potion of curing.
You feel better.
The quokka bites you but does no damage.
The quokka misses you.
As you read the scroll labelled ZAES LOCKEDO, it crumbles to dust.
It is a scroll of identify.
e - 4 scrolls of teleportation The quokka barely misses you.
As you read the scroll of teleportation, it crumbles to dust.
You feel strangely unstable. The quokka bites you.
* * * LOW HITPOINT WARNING * * *
The orc priest is attracted toward you.
You feel better. The quokka closely misses you.
The orc priest hits you with a +0 flail!
* * * LOW HITPOINT WARNING * * *
Unknown command.
You hit the orc priest.
The orc priest is moderately wounded.
The quokka bites you.
* * * LOW HITPOINT WARNING * * *
The orc priest barely misses you.
Okay, then.
You hit the orc priest.
The orc priest is moderately wounded.
The quokka closely misses you.
The orc priest hits you with a +0 flail!
You die...

...
#.#........#
#.#..#######
#.#...### #
#.##....#
........#.#.#
....ยง####.#.#
.....ooooo..#
......###r###
..... #.h.#
.... #o..# ...
.....# .#
#.....#
.......#
####....#
##...# ....#


You could see an orc priest, an orc and a quokka.

Vanquished Creatures
  A scorpion (D:3)
  A hound (D:4)
  An orc wizard (D:4)
  2 adders (D:2)
  A worm (D:3)
  4 dart slugs
  3 orcs
  8 bats
  4 endoplasms
  4 giant cockroaches
  6 goblins
  9 hobgoblins
  8 jackals
  9 quokkas
  9 ball pythons
  5 frilled lizards
  7 kobolds
  4 rats
86 creatures vanquished.

Vanquished Creatures (others)
  A giant cockroach (D:1)
1 creature vanquished.

Grand Total: 87 creatures vanquished

Notes
Turn   | Place    | Note
-------+----------+-------------------------------------------
     0 | D:1      | Shayle the Human Shapeshifter began the quest for the Orb.
     0 | D:1      | Reached XP level 1. HP: 15/15 MP: 1/1
    98 | D:1      | Reached XP level 2. HP: 9/21 MP: 2/2
   312 | D:1      | Reached XP level 3. HP: 26/26 MP: 3/3
   907 | D:2      | Reached XP level 4. HP: 26/33 MP: 4/4
  1565 | D:3      | Found a faded altar of an unknown god.
  1701 | D:3      | Reached XP level 5. HP: 30/39 MP: 5/5
  1774 | D:3      | Found a hide-covered altar of Uskayaw.
  1925 | D:3      | Identified the +0 robe of Doemad {rC+ Int+3 Archmagi}
  1947 | D:3      | Found a glowing golden altar of the Shining One.
  2565 | D:4      | Found a sacrificial altar of Ru.
  2626 | D:4      | Reached skill level 4 in Unarmed Combat
  2626 | D:4      | Reached XP level 6. HP: 27/46 MP: 6/6
  2744 | D:4      | Found a shimmering blue altar of Sif Muna.
  2910 | D:4      | Slain by an orc priest

Illustrated notes

Levels and vault maps discovered:
D:1:      psy_arrival_spokes, layout_loops_ring
D:2:      layout_rooms
D:3:      layout_basic, mainiacjoe_overflow_boulevard, tso_oasis_becter,
          basic_ecumenical_altar
D:4:      layout_basic, lemuel_doored_altar, amcnicky_altar_gilded,
          gammafunk_temple_overflow_forgotten, xom_butterflies,
          grunt_ministairs_15

Skill      XL: |  1  2  3  4  5  6 |
---------------+-------------------+-----
Fighting       | 2 3 |  3.0
Dodging        | 3 |  3.4
Unarmed Combat | 4 |  4.1
Shapeshifting  | |  3.9

Action                     |  1- 3 |  4- 6 || total
---------------------------+-------+-------++-------
  Melee: Unarmed           |    90 |   187 ||   277
         Punch             |       |     6 ||     6
    Use: Potion            |       |     3 ||     3
         Scroll            |       |     2 ||     2
   Stab: Sleeping          |     1 |       ||     1
 Armour: Animal skin       |    41 |    82 ||   123
         Robe              |       |    38 ||    38
  Dodge: Dodged            |    65 |   103 ||   168

Table legend: (Time is in decaauts)
 A = Elapsed time spent in this place.
 B = Non-inter-level travel time spent in this place.
 C = Inter-level travel time spent in this place.
 D = Time resting spent in this place.
 E = Time spent auto-exploring this place.
 F = Levels seen in this place.
 G = Mean time per level.
                   A        B        C        D        E       F      G
               +--------+--------+--------+--------+--------+-----+--------+
         Total |   2891 |   2799 |     92 |    291 |   1773 |   4 |  722.8 |
       Dungeon |   2891 |   2799 |     92 |    291 |   1773 |   4 |  722.8 |
               +--------+--------+--------+--------+--------+-----+--------+

Top non-repeatable levels by time:
     D:3: 1022 daAuts
     D:1: 867 daAuts
     D:2: 617 daAuts
     D:4: 383 daAuts
